Map: Croisement de Kairos EC

Players

Sorandom

  • Race: Zerg Zerg
  • League: Diamond
  • Spawn Location: 11:00

NydusCannons - Winner!

  • Race: Terran Terran
  • League: Diamond
  • Spawn Location: 5:00

VOD

Have the link to the VOD?

Description

Time

  • Played on: April 4, 2019, 5:42 p.m.
  • Length: 13:03
Show
View Real Time Build Order
Export as new Build Order

Sorandom Zerg 

Build Orders: Hatch First, Muta Ling Bane 

Get SALT Encoding   

  12  0:02  Drone  
  13  0:12  Overlord  
  13  0:16  Drone  
  14  0:32  Drone x2  
  16  0:53  Hatchery  
  16  0:55  Drone  
  16  1:10  Spawning Pool  
  15  1:11  Extractor  
  15  1:12  Drone  
  15  1:17  Drone  
  16  1:21  Drone  
  17  1:31  Drone  
  18  1:35  Overlord  
  18  1:46  Drone  
  19  1:56  Queen  
  19  1:59  Zergling x2  
  22  2:04  Queen  
  22  2:06  Drone  
  25  2:09  Drone  
  25  2:15  Metabolic Boost  
  26  2:19  Drone  
  26  2:22  Drone  
  28  2:27  Drone  
  29  2:32  Zergling x2  
  29  2:39  Queen  
  31  2:48  Overlord, Drone  
  32  2:58  Drone x2  
  34  3:02  Drone  
  34  3:03  Drone  
  36  3:06  Lair  
  36  3:09  Drone x2  
  38  3:13  Drone x2  
  38  3:16  Drone  
  38  3:18  Drone  
  42  3:24  Drone x2  
  44  3:42  Hatchery  
  44  3:45  Zergling x2  
  44  3:46  Overlord  
  44  3:47  Overlord x2  
  44  3:55  Evolution Chamber  
  43  3:57  Evolution Chamber  
  42  4:05  Zergling x4  
  42  4:06  Zergling x6  
  42  4:09  Overseer  
  47  4:14  Extractor  
  47  4:16  Extractor  
  45  4:18  Baneling Nest  
  45  4:20  Drone x5  
  45  4:23  Zerg Melee Weapons Level 1  
  49  4:37  Zergling x8  
  52  4:58  Queen x2  
  54  5:03  Zergling x2  
  54  5:04  Baneling x4  
  54  5:05  Baneling x2  
  55  5:14  Drone x3  
  55  5:15  Drone x7  
  65  5:22  Overlord  
  63  5:28  Spore Crawler  
  61  5:39  Zergling x2  
  61  5:40  Drone x10  
  70  5:44  Centrifical Hooks  
  67  5:51  Drone x4  
  67  5:52  Drone  
  69  6:02  Queen, Spore Crawler  
  69  6:03  Spore Crawler  
  67  6:06  Spore Crawler  
  67  6:07  Spore Crawler  
  67  6:10  Spore Crawler  
  60  6:14  Queen  
  60  6:16  Queen  
  64  6:22  Spore Crawler  
  62  6:27  Drone x9  
  68  6:39  Spore Crawler  
  65  6:41  Spore Crawler  
  65  6:45  Extractor  
  63  7:00  Drone x6  
  63  7:01  Drone x4  
  73  7:07  Spire  
  72  7:12  Spine Crawler  
  68  7:18  Zergling x12  
  71  7:24  Spine Crawler  
  71  7:25  Spine Crawler  
  70  7:30  Zergling x16  
  70  7:32  Zerg Melee Weapons Level 2  
  70  7:34  Zerg Ground Armor Level 1  
  70  7:36  Overlord  
  77  7:46  Zergling x10  
  82  7:58  Baneling  
  82  7:59  Baneling x2  
  82  8:00  Zergling x6  
  85  8:06  Drone x2  
  85  8:07  Extractor  
  86  8:18  Mutalisk x2  
  90  8:20  Overlord  
  90  8:21  Overlord x2, Hatchery  
  90  8:23  Zerg Flyer Armor Level 1  
  90  8:24  Zergling x2  
  88  8:39  Drone x4  
  89  8:42  Mutalisk  
  64  9:04  Corruptor  
  64  9:05  Corruptor x6  
  68  9:12  Corruptor  
  68  9:13  Zergling x2  
  68  9:14  Queen x2  
  74  9:31  Queen  
  74  9:32  Zergling x2  
  74  9:33  Zergling x16  
  85  9:42  Zergling x6  
  87  9:48  Zergling x4  
  87  9:50  Mutalisk  
  86  9:57  Zergling x2  
  86  9:58  Drone x2  
  83  10:00  Queen x3  
  83  10:02  Drone  
  87  10:08  Mutalisk x3  
  87  10:12  Drone  
  94  10:20  Spore Crawler  
  93  10:28  Queen  
  93  10:31  Spine Crawler  
  94  10:36  Zerg Flyer Weapons Level 1, Mutalisk x2, Queen  
  100  10:51  Mutalisk  
  100  10:52  Mutalisk  
  100  10:55  Extractor  
  98  10:58  Extractor  
  85  11:12  Zergling x2  
  85  11:17  Spore Crawler  
  79  11:20  Corruptor  
  79  11:21  Corruptor x2  
  79  11:25  Zergling x26  
  97  11:47  Drone  
  97  11:48  Drone x15  
  108  12:00  Hatchery  
  96  12:06  Zergling x14  
  96  12:07  Mutalisk x3  
  92  12:10  Baneling x5  
  92  12:11  Baneling x2  
  90  12:17  Queen  
  92  12:24  Zergling x2  
  92  12:25  Zergling x10  
  98  12:35  Zergling x14  
  98  12:36  Zergling x2  
Show
View Real Time Build Order
Export as new Build Order

NydusCannons Terran - Winner!

Build Orders: Reaper Expand 

Get SALT Encoding   

  12  0:01  SCV  
  13  0:13  SCV  
  14  0:17  Supply Depot  
  14  0:25  SCV  
  15  0:39  SCV  
  15  0:40  Barracks  
  16  0:45  Refinery  
  16  0:51  SCV  
  17  1:03  SCV  
  18  1:15  SCV  
  19  1:29  Reaper  
  19  1:30  Orbital Command  
  20  1:41  Command Center  
  20  1:55  Refinery  
  20  1:57  SCV  
  20  2:01  Marine  
  22  2:09  SCV  
  22  2:11  Factory  
  22  2:15  Supply Depot  
  23  2:25  Barracks Reactor  
  24  2:37  SCV  
  24  2:49  SCV  
  25  2:58  Starport  
  25  3:01  SCV  
  25  3:02  Orbital Command  
  26  3:13  Barracks Tech Lab, SCV, Hellion x2  
  31  3:25  SCV  
  32  3:28  SCV  
  33  3:35  Hellion x2  
  33  3:37  SCV  
  33  3:38  Supply Depot  
  33  3:40  SCV  
  39  3:43  Fusion Core  
  39  3:49  SCV  
  39  3:52  SCV  
  41  3:56  Refinery  
  41  3:58  Supply Depot  
  41  4:01  SCV  
  42  4:04  SCV  
  42  4:06  Hellion x2  
  47  4:13  SCV  
  47  4:16  SCV  
  49  4:21  Supply Depot  
  49  4:26  SCV  
  49  4:28  SCV  
  51  4:32  Battlecruiser  
  51  4:38  SCV  
  58  4:39  Supply Depot  
  58  4:44  SCV  
  59  4:50  SCV  
  60  4:56  SCV  
  61  5:02  SCV  
  61  5:04  Supply Depot  
  61  5:06  Command Center  
  62  5:07  Weapon Refit  
  62  5:08  SCV  
  63  5:14  SCV  
  63  5:17  Refinery  
  63  5:18  Barracks Reactor  
  63  5:20  SCV  
  65  5:21  Factory  
  65  5:26  SCV  
  65  5:27  Barracks Tech Lab  
  66  5:32  SCV  
  66  5:33  Hellion x2  
  71  5:38  SCV  
  66  5:44  SCV  
  64  5:53  SCV  
  64  5:54  Hellion x2  
  67  5:59  SCV  
  67  6:00  Battlecruiser  
  74  6:12  SCV  
  75  6:20  Hellion x2  
  75  6:21  SCV  
  80  6:28  SCV  
  81  6:33  SCV, Factory, Orbital Command  
  76  6:41  Hellion x2, SCV, Infernal Pre-Igniter  
  76  6:43  Hellion  
  76  6:45  SCV  
  84  6:53  SCV  
  85  6:54  Barracks Tech Lab  
  85  6:56  Starport  
  85  6:57  SCV  
  86  7:02  Hellion x2  
  86  7:03  Supply Depot  
  86  7:04  Battlecruiser  
  86  7:05  Supply Depot  
  96  7:10  SCV  
  96  7:15  SCV  
  98  7:21  Factory Reactor  
  98  7:23  SCV  
  98  7:25  Hellion x3  
  105  7:32  Armory  
  105  7:33  Orbital Command  
  105  7:44  SCV x2  
  107  7:46  Hellion x2  
  107  7:47  Hellion  
  111  7:56  SCV x2  
  111  7:57  Armory  
  113  7:59  SCV  
  113  8:03  Hellion  
  116  8:08  SCV  
  116  8:10  Supply Depot x2  
  116  8:11  Supply Depot  
  117  8:13  Refinery  
  117  8:15  Engineering Bay, Command Center, Refinery  
  117  8:27  Supply Depot  
  117  8:29  Supply Depot  
  117  8:32  SCV x3, Hellion x3  
  122  8:42  Hellion x2  
  122  8:43  Battlecruiser x2  
  122  8:44  SCV  
  122  8:48  SCV  
  140  8:52  Missile Turret  
  140  8:53  Hellion, Missile Turret  
  140  8:54  Drilling Claws  
  138  9:02  Hellion  
  124  9:06  SCV x2  
  126  9:12  Hellion  
  126  9:20  Factory  
  126  9:21  Missile Turret  
  126  9:26  Widow Mine  
  126  9:27  Widow Mine x3  
  126  9:29  Planetary Fortress  
  134  9:31  Factory  
  134  9:33  Factory  
  134  9:35  Widow Mine  
  136  9:42  Terran Vehicle And Ship Armor Level 1  
  134  9:48  Widow Mine  
  128  9:55  Command Center  
  128  9:57  Widow Mine x4  
  128  9:58  Missile Turret  
  128  10:05  Factory Reactor  
  128  10:06  Battlecruiser  
  130  10:07  Battlecruiser  
  130  10:10  Missile Turret  
  130  10:12  Terran Ship Weapons Level 1  
  130  10:22  Hellion x2  
  130  10:23  Hellion x2  
  130  10:24  Hellion  
  140  10:29  Hellion  
  140  10:38  Factory Reactor  
  140  10:39  Factory Reactor  
  140  10:42  Command Center  
  140  10:44  Command Center, Widow Mine  
  140  10:45  Command Center  
  140  10:47  Hellion  
  140  10:48  Hellion, Widow Mine x2  
  144  11:02  Widow Mine x2  
  140  11:05  Widow Mine  
  142  11:14  Battlecruiser x2  
  154  11:19  Widow Mine x3  
  160  11:26  Planetary Fortress, Refinery  
  160  11:28  Refinery  
  160  11:35  Hellion x2  
  160  11:36  Hellion  
  160  11:59  Hellion  
  160  12:00  Hellion x7  
  170  12:09  Hellion x3  
  176  12:16  Orbital Command x3  
  176  12:21  Hellion x3, Widow Mine x3  
  192  12:27  Widow Mine  
  192  12:28  Hellion  
  196  12:30  Hellion x2  
  166  12:40  Widow Mine  
Tags
 
Add a new tag
Caveats
  • Supply blocks, unpowered buildings, or Contaminate may cause inaccurate times.
  • Supply counts are checked every 10 seconds.